 Dungeon Crawl Stone Soup version 0.31-a0-236-g9a0961fb85 (webtiles) character file.

Game seed: 17028356249133849353

422 BubbleThief the Insei (level 6, -2/43 HPs)
             Began as an Octopode Transmuter on July 11, 2023.
             Slain by an orc wizard
             ... wielding a +0 dagger
              (5 damage)
             ... on level 4 of the Dungeon.
             The game lasted 00:05:03 (2801 turns).

BubbleThief the Insei (Octopode Transmuter)         Turns: 2801, Time: 00:05:03

Health: -2/43      AC:  1    Str: 11    XL:     6   Next: 95%
Magic:  9/9        EV: 14    Int: 16    God:
Gold:   172        SH:  0    Dex: 12    Spells: 6/9 levels left

rFire   . .          .
                       - Unarmed
rCold   . . .        (no shield)
rNeg    . . .        (helmet restricted)
rPois   .            (no amulet)
rElec   .            (no ring)
rCorr   .            (no ring)
SInv    .            (no ring)
Will    .....        (no ring)
Stlth   ++           (no ring)
HPRegen 0.27/turn    (no ring)
MPRegen 0.11/turn    (no ring)
                     (no ring)

%: no passive effects
@: no status effects
A: almost no armour, amphibious, 8 rings, camouflage 1, gelatinous body 1,
(nimble swimmer 1), tentacles
a: no special abilities


You were on level 4 of the Dungeon.
You visited 1 branch of the dungeon, and saw 4 of its levels.

You collected 172 gold pieces.

Inventory:

Wands
 k - a wand of charming (10)
Scrolls
 b - a scroll of teleportation
 g - a scroll of identify
Potions
 a - 3 potions of lignification
 c - a potion of mutation {unknown}
 d - a potion of might {unknown}
 e - a potion of resistance {unknown}
 f - a potion of heal wounds {unknown}
 j - 2 potions of enlightenment
 l - 2 potions of curing {unknown}


   Skills:
 + Level 3.7 Fighting
 + Level 4.1 Dodging
 + Level 4.7 Unarmed Combat
 - Level 2.0 Spellcasting
 - Level 3.1 Transmutations


You had 6 spell levels left.
You knew the following spells:

 Your Spells              Type           Power      Damage    Failure   Level
a - Beastly Appendage     Tmut           22%        N/A       6%          1
b - Wereblood             Tmut           11%        N/A       9%          2

Your spell library contained the following spells:

 Spells                   Type           Power      Damage    Failure   Level
 Apportation              Tloc           2%         N/A       21%         1
 Necrotise                Necr           4%         1d4       21%         1
 Summon Small Mammal      Summ           4%         N/A       21%         1
 Spider Form              Tmut/Pois      6%         N/A       32%         3
 Call Canine Familiar     Summ           1%         N/A       52%         3
 Portal Projectile        Hex/Tloc       2%         N/A       52%         3
 Ice Form                 Ice/Tmut       6%         N/A       73%         4
 Leda's Liquefaction      Hex/Erth       0%         N/A       90%         4


Dungeon Overview and Level Annotations

Branches:
Dungeon (4/15)
 Temple: D:4-7

Altars:
The Shining One


Innate Abilities, Weirdness & Mutations

You cannot wear most types of armour.
You are amphibious.
You can wear up to eight rings at the same time.
Your skin changes colour to match your surroundings (Stealth+).
Your rubbery body absorbs attacks. (AC +1, EV +1)
((You are camouflaged when in or above water. (Stealth+)))
You have tentacles for arms and can constrict up to eight enemies at once.


Message History

You are more confused.
You barely miss something.
Your tentacle-slap misses something.
Your primal bloodlust is almost over.
You hear some strange, mumbled words.
Something tries to affect you, but you resist.
You bump into the metal wall.
Your tentacle spike disappears.
Something hits you.
You're too confused to move!
Something hits you.
A magic dart appears from out of thin air!
The magic dart hits you.
You bump into the metal wall.
You bump into the metal wall.
Something hits you.
You bump into the metal wall.
Your primal bloodlust has ended.
Something hits you but does no damage.
You miss something. Your squeeze misses something. Something hits you.
You closely miss something. Something barely misses you.
You bump into the metal wall.
Something completely misses you.
You're too confused to move!
You feel less confused. Something hits you.
You barely miss something. Your squeeze misses something. Something hits you.
You miss something. Your squeeze misses something. Something hits you.
* * * LOW HITPOINT WARNING * * *
You tentacle-slap something.
You hear some strange, mumbled words.
You are confused.
You bump into the metal wall.
Something hits you.
* * * LOW HITPOINT WARNING * * *
You bump into the metal wall.
Something hits you.
* * * LOW HITPOINT WARNING * * *
You're too confused to move!
Something hits you.
* * * LOW HITPOINT WARNING * * *
You're too confused to move!
Something hits you.
* * * LOW HITPOINT WARNING * * *
You bump into the metal wall.
You feel less confused. Something hits you.
You die...

### ##### #..
...# ##
..########.#####
##.
#.##<..........
#..
#....####.#####
#..###.#### #.#
#@.)## #.# ##{##
#.# #)# ..# #.#
..# #.. ..# #..
...# .... ....
.....


There were no monsters in sight!

Vanquished Creatures
  3 orc priests (D:4)
  Natasha (thrice) (D:2)
  4 orc wizards
  Robin (D:2)
  4 adders
  3 worms
  3 dart slugs
  13 orcs
  8 ball pythons
  8 bats
  10 endoplasms
  2 giant cockroaches
  12 goblins
  4 hobgoblins
  2 quokkas
  A frilled lizard (D:1)
  8 kobolds
  2 rats
91 creatures vanquished.

Notes
Turn   | Place    | Note
-------+----------+-------------------------------------------
     0 | D:1      | BubbleThief the Octopode Transmuter began the quest for the
                  | Orb.
     0 | D:1      | Reached XP level 1. HP: 13/13 MP: 3/3
   146 | D:1      | Reached XP level 2. HP: 15/18 MP: 3/5
   578 | D:2      | Reached XP level 3. HP: 20/23 MP: 6/6
  1053 | D:2      | Reached XP level 4. HP: 29/29 MP: 7/7
  1062 | D:2      | Learned a level 2 spell: Wereblood
  1068 | D:2      | Noticed Robin
  1071 | D:2      | Killed Robin
  1252 | D:2      | Noticed Natasha
  1258 | D:2      | Killed Natasha
  1473 | D:2      | Noticed Natasha
  1484 | D:2      | Killed Natasha
  1485 | D:2      | Reached XP level 5. HP: 35/35 MP: 8/8
  1485 | D:2      | Noticed Natasha
  1497 | D:2      | Killed Natasha
  1584 | D:3      | Found a glowing golden altar of the Shining One.
  2056 | D:3      | Found a faded altar of an unknown god.
  2145 | D:3      | Reached XP level 6. HP: 37/42 MP: 7/9
  2301 | D:3      | Identified the +1 robe of the Morning {rElec rN+ Will+
                  | Dex+4}
  2800 | D:4      | HP: 2/43 [something (3)]
  2801 | D:4      | Slain by an orc wizard

Illustrated notes

Levels and vault maps discovered:
D:1:      lightli_arrival_noodles, layout_basic
D:2:      layout_basic, uniq_robin, uniq_natasha
D:3:      layout_rooms, lemuel_crystal_altar,
          chequers_ecumenical_altar_simple_redux, kennysheep_generic_room_8
D:4:      layout_loops_ring

Skill      XL: |  1  2  3  4  5  6 |
---------------+-------------------+-----
Fighting       | 2 3 |  3.7
Dodging        | 3 4 |  4.1
Transmutations | 3 |  3.1
Unarmed Combat | 4 |  4.7
Spellcasting   | |  2.0

Action                     |  1- 3 |  4- 6 || total
---------------------------+-------+-------++-------
  Melee: Unarmed           |    64 |   126 ||   190
         Constrict         |    16 |    38 ||    54
         Kick              |    12 |    42 ||    54
         Tentacles         |    13 |    21 ||    34
         Punch             |     4 |     8 ||    12
   Cast: Beastly Appendage |    19 |    23 ||    42
         Wereblood         |       |     9 ||     9
    Use: Scroll            |       |     5 ||     5
   Stab: Sleeping          |     2 |     3 ||     5
 Armour: Skin              |     8 |     4 ||    12
  Dodge: Dodged            |    31 |    67 ||    98

Table legend: (Time is in decaauts)
 A = Elapsed time spent in this place.
 B = Non-inter-level travel time spent in this place.
 C = Inter-level travel time spent in this place.
 D = Time resting spent in this place.
 E = Time spent auto-exploring this place.
 F = Levels seen in this place.
 G = Mean time per level.
                   A        B        C        D        E       F      G
               +--------+--------+--------+--------+--------+-----+--------+
         Total |   2803 |   2538 |    265 |     87 |   1884 |   4 |  700.8 |
       Dungeon |   2803 |   2538 |    265 |     87 |   1884 |   4 |  700.8 |
               +--------+--------+--------+--------+--------+-----+--------+

Top non-repeatable levels by time:
     D:2: 1104 daAuts
     D:3: 674 daAuts
     D:1: 559 daAuts
     D:4: 464 daAuts
